cohdb
Replays
Latest Replays
All Replays
Popular Replays
Top Player Replays
Match Explorer
How It Works
Community
CoH3 Stats
Reddit
Sign in to upload your games and track your stats! →
Sign in with Steam
Match 39877060
Unlisted
Match 39877060
Overview
Messages
Build Orders
End
Scout Squad
Construct Barracks
Riflemen Squad
M1 Mortar Team
Grenade Package
Riflemen Squad
Mechanized Support Center
Construct Weapon Support Center
Selects Heavy Weapons
Riflemen Squad
M3 Armored Personnel Carrier
Construct Medical Station
Selects Assault Carriers
Selects Exchangeable Parts
Construct Motor Pool
M1918 Browning Automatic Rifles
M24 Chaffee Light Tank
M24 Chaffee Light Tank
M1919 Machine Gun Team
Designate Forward Repair Station
Bazooka Squad
M1 Anti-tank Gun Team
M1919 Machine Gun Team
M8 Greyhound Armored Car
Aceo
sharpshooter
Mintjack
denny870522
0
0
Comments
sign in to comment!
No comments posted yet!